 Dungeon Crawl Stone Soup version 0.17.2-1-ge4368a0 (webtiles) character file.

277 Goblin1989 the Cutter (level 6, -2/32 HPs)
             Began as a Spriggan Gladiator on Aug 19, 2016.
             Was a Follower of Cheibriados.
             Slain by an orc
             ... wielding a +0 war axe of venom
              (5 damage)
             ... on level 5 of the Dungeon.
             The game lasted 00:24:12 (2418 turns).

Goblin1989 the Cutter (Spriggan Gladiator)          Turns: 2418, Time: 00:24:12

Health: -2/32      AC:  3    Str: 13    XL:     6   Next: 4%
Magic:  7/7        EV: 19    Int: 12    God:    Cheibriados [*.....]
Gold:   160        SH:  0    Dex: 20    Spells: 0 memorised, 5 levels left

rFire  . . .     SeeInvis +     a - +0 rapier
rCold  . . .     Clarity  .     b - +0 robe
rNeg   . . .     SustAt   .     (shield restricted)
rPois  .         Gourm    .     c - +1 hat
rElec  .         Spirit   .     (no cloak)
rCorr  .         Warding  .     (gloves unavailable)
rMut   .         Stasis   .     (boots unavailable)
MR     +....                    (no amulet)
Stlth  +++.......               (no ring)
                                i - -2 ring of evasion (curse)

@: drained, somewhat resistant to hostile enchantments, fairly stealthy
A: unfitting armour, see invisible, herbivore 3, speed 3, slow metabolism 2
a: Bend Time, Renounce Religion


You were on level 5 of the Dungeon.
You worshipped Cheibriados.
Cheibriados was aware of your devotion.
You were not hungry.

You visited 1 branch of the dungeon, and saw 5 of its levels.

You collected 160 gold pieces.

Inventory:

Hand Weapons
 a - a +0 rapier (weapon)
Missiles
 h - 148 stones (quivered)
 k - 8 curare-tipped needles
 n - 38 sling bullets
 r - 6 needles of confusion
Armour
 b - a +0 robe (worn)
 c - a +1 hat (worn)
Jewellery
 i - a cursed -2 ring of evasion (left hand)
Wands
 j - a wand of flame (48)
Scrolls
 t - 3 scrolls of noise
Potions
 g - 2 potions of lignification
 l - a potion of curing
 m - a potion of haste {unknown}
 o - a potion of degeneration
 s - a potion of might
Comestibles
 e - 2 bread rations
 f - 2 slices of pizza
 p - 4 fruits


   Skills:
 + Level 2.9(2.6) Fighting
 * Level 5.2(5.0) Short Blades
 - Level 2.0(1.7) Throwing
 - Level 5.0(4.7) Dodging
 * Level 4.9(4.6) Stealth


You had 5 spell levels left.
You didn't know any spells.

Dungeon Overview and Level Annotations

Branches:
Dungeon (5/15)             Temple (0/1) D:4

Altars:
Cheibriados
Dithmenos
Vehumet
The Shining One

Annotations:
D:5 2 runed doors


Innate Abilities, Weirdness & Mutations

You are tiny and cannot use many weapons and most armour.
You have supernaturally acute eyesight.
You are a herbivore.
You cover ground extremely quickly.
You need consume almost no food.


Message History

You closely miss the orc.
The orc is severely wounded.
The orc barely misses you.
You puncture the orc!
You kill the orc!
You barely miss the orc. The orc completely misses you.
You hit the orc.
The orc is heavily wounded.
You barely miss the orc.
The orc is heavily wounded.
The orc hits you with a war axe of venom.
* * * LOW HITPOINT WARNING * * *
You take 4 damage, and have 2/32 hp.
You hit the orc but do no damage.
The orc is heavily wounded.
The orc barely misses you.
You closely miss the orc.
The orc is heavily wounded.
The orc hits you with a war axe of venom.
You die...

#### ...## #######..#
# .##++##.'.#.##.#
#.#........#..#.#.#
..##..##.#.####.#
....###.##@o.)##
###.#....######.
########...##........
##................####
#.........#########
..........#
..........#
..........#
..........#


You could see an orc.

Vanquished Creatures
  An ogre (D:4)
  A crimson imp (D:5)
  A hound (D:4)
  4 adders
  A shadow imp (D:5)
  An ooze (D:1)
  An adder skeleton (D:5)
  3 worms (D:2)
  A giant gecko (D:2)
  6 orcs
  7 bats
  4 hobgoblins
  7 jackals
  7 kobolds
  A quokka (D:2)
  4 giant cockroaches
  A giant cockroach zombie (D:5)
  4 giant newts
  5 goblins
  5 rats
65 creatures vanquished.

Notes
Turn   | Place    | Note
--------------------------------------------------------------
     0 | D:1      | Goblin1989 the Spriggan Gladiator began the quest for the Orb.
     0 | D:1      | Reached XP level 1. HP: 10/10 MP: 2/2
   230 | D:1      | Reached XP level 2. HP: 10/15 MP: 3/3
   426 | D:2      | Reached skill level 5 in Dodging
   426 | D:2      | Reached XP level 3. HP: 6/18 MP: 4/4
   684 | D:2      | Found a snail-covered altar of Cheibriados.
   688 | D:2      | Became a worshipper of Cheibriados the Contemplative
   860 | D:2      | Found a glowing golden altar of the Shining One.
   876 | D:2      | Found a radiant altar of Vehumet.
  1059 | D:2      | Found a shadowy altar of Dithmenos.
  1208 | D:2      | Reached skill level 1 in Stealth
  1618 | D:2      | Reached * piety under Cheibriados
  1692 | D:3      | Reached XP level 4. HP: 17/23 MP: 5/5
  1916 | D:5      | Entered Level 5 of the Dungeon
  1924 | D:4      | Found a staircase to the Ecumenical Temple.
  1935 | D:4      | Noticed an ogre
  1945 | D:4      | Killed an ogre
  1945 | D:4      | Reached XP level 5. HP: 23/27 MP: 6/6
  2068 | D:4      | Reached skill level 5 in Short Blades
  2301 | D:3      | HP: 1/28 [orc/whip (2)]
  2315 | D:4      | HP: 1/28 [adder (1)]
  2366 | D:5      | Found a large runed door.
  2366 | D:5      | Found a large runed door.
  2391 | D:5      | Reached XP level 6. HP: 9/32 MP: 7/7
  2418 | D:5      | Slain by an orc

Action                   |  1- 3 |  4- 6 || total
-------------------------+-------+-------++-------
Melee: Rapier            |   160 |    93 ||   253
Throw: Stone             |    41 |    25 ||    66
       Throwing net      |     2 |     2 ||     4
  Use: Scroll            |     1 |    13 ||    14
 Stab: Sleeping          |     4 |     8 ||    12
       Distracted        |     1 |       ||     1
       Held in net/web   |       |     1 ||     1
